 Dungeon Sprint DCSS version 0.23.0 (webtiles) character file.

Game seed: 17791209541231220169

30800000 Fang the Conqueror (level 27, -5102/249 HPs)
             Began as a Demonspawn Gladiator on Feb 13, 2019.
             Was the Champion of Makhleb.
             Annihilated by The Meatlord
             ... wielding the +7 sceptre of Torment {pain, torment}
              (5351 damage)
             ... in the Dungeon (Sprint VIII: "Arena of Blood").
             The game lasted 00:05:26 (308 turns).

Fang the Conqueror (Demonspawn Gladiator)            Turns: 308, Time: 00:05:27

Health: -5102/249  AC:  8    Str: 24    XL:     27
Magic:  0/54       EV: 36    Int: 12    God:    Makhleb [******]
Gold:   0          SH:  0    Dex: 22    Spells: 80/80 levels left

rFire    + . .     SeeInvis +   l - +∞ Axe of Woe
rCold    . . .     Gourm    .   (shield currently unavailable)
rNeg     . . .     Faith    .   b - +0 leather armour
rPois    .         Spirit   +   c - +0 helmet
rElec    .         Reflect  .   (no cloak)
rCorr    .         Harm     .   (no gloves)
MR       ++...     NoTele   +   (boots unavailable)
Stlth    ++++++++++             (no amulet)
HPRegen  0.51/turn              o - ring of see invisible
MPRegen  0.68/turn              m - +30 ring of slaying

@: no status effects
A: talons 3, thin skeletal structure 3, fire resistance 1, hurl damnation,
powered by death 3, magic shield, magic regeneration, magic link, flame cloud
immunity
a: Hurl Damnation, Minor Destruction, Lesser Servant of Makhleb, Major
Destruction, Greater Servant of Makhleb, Renounce Religion


You were in the Dungeon.
You worshipped Makhleb.
Makhleb was exalted by your worship.
You were not hungry.

You visited 1 branch

Inventory:

Hand Weapons
 a - a +0 war axe
 l - the +∞ Axe of Woe (weapon)
   (You found it in the Dungeon)
Missiles
 d - 3 throwing nets (quivered)
Armour
 b - a +0 leather armour (worn)
 c - a +0 helmet (worn)
Jewellery
 m - a +30 ring of slaying (right hand)
 n - a +30 ring of slaying
 o - a ring of see invisible (left hand)
 q - a +200 ring of slaying
 r - a +30 ring of slaying
 s - a +30 ring of slaying
 t - a +30 ring of slaying
 u - a +30 ring of slaying
 v - a +30 ring of slaying
 w - a +30 ring of slaying
 x - a +30 ring of slaying
 y - a +30 ring of slaying
 z - a +30 ring of slaying
 A - a +30 ring of slaying
 B - a +30 ring of slaying
 C - a +30 ring of slaying
Scrolls
 k - a scroll of blinking
Potions
 e - a potion of curing
 g - a potion of heal wounds
 h - a potion of haste
 i - 2 potions of magic
 j - a potion of berserk rage
Comestibles
 f - a ration
 p - a chunk of flesh


   Skills:
 O Level 27 Fighting
 O Level 27 Axes
 O Level 27 Throwing
 O Level 27 Armour
 O Level 27 Dodging
 O Level 27 Stealth
 O Level 27 Unarmed Combat
 O Level 27 Spellcasting
 O Level 27 Invocations


You had 80 spell levels left.
You didn't know any spells.
Your spell library was empty.

Dungeon Overview and Level Annotations

Branches:
Dungeon (1/1)

Altars:
Makhleb

Annotations:
D The Meatlord


Innate Abilities, Weirdness & Mutations

You have claws for feet.
You have an unnaturally thin skeletal structure. (Dex +6, Stealth++)
Your flesh is heat resistant. (rF+)
You can hurl damnation.
You regenerate a lot of health from kills.
When hurt, damage is shared between your health and your magic reserves.
You regenerate magic rapidly.
When low on magic, you restore magic in place of health.
You are immune to clouds of flame.


Message History

You hear a shout! x2
A - a +30 ring of slaying;
B - a +30 ring of slaying
Things that are here:
a +9 war axe x2; a bag of meat corpse You hear a shout! x2
You hear a shout! x3
C - a +30 ring of slaying
Things that are here:
a +9 battleaxe; a meat berserker corpse You hear a shout! x2
You hear a shout! x2
Items here: )) == †† You hear a shout!
Things that are here:
a +9 war axe; a bag of meat corpse You hear a shout! x3
You hear a shout! x2
The Meatlord hits you with the +7 sceptre of Torment {pain, torment}!!!!!!!!!!
Ouch! That really hurt!
You die...

###.................§.))...
.........####.....##.##)...
........#...............)..
.........#..........#.#.)).
.........#.................
....###...#..............))
...###...)..#.............))
..#......................)..
......#....@&...............
.......#).......#.......#...
.......)).#.....#.......#...
......)#...)..###.......###.
.#...))).)))).)%..###).....
##...))))#))))..))_).)....
#...))#)))))).#)).))#....
....###.))))).%..#_)<._#....
...##...)#)))....#....)#....


You could see The Meatlord.

Vanquished Creatures
  4 vampire knights (D)
  6 two-headed ogres (D)
  140 orcs (D)
  24 ogres (D)
174 creatures vanquished.

Notes
Turn   | Place    | Note
-------+----------+-------------------------------------------
     0 | D        | Found the +∞ Axe of Woe
     0 | D        | Fang the Demonspawn Gladiator began the quest for the Orb.
     0 | D        | Reached XP level 1. HP: 16/16 MP: 1/1
     2 | D        | Noticed a bag of meat
     4 | D        | Became a worshipper of Makhleb the Destroyer
     5 | D        | Noticed a bag of meat
     5 | D        | Noticed a bag of meat
     8 | D        | Noticed a bag of meat
    10 | D        | Noticed a bag of meat
    12 | D        | Noticed a bag of meat
    12 | D        | Noticed a meat berserker
    13 | D        | Killed a bag of meat
    13 | D        | Gained mutation: You have sharp toenails. [demonic
                  | ancestry]
    13 | D        | Reached XP level 2. HP: 43/43 MP: 2/2
    13 | D        | Reached XP level 3. HP: 49/49 MP: 3/3
    13 | D        | Gained mutation: You regenerate a little health from kills.
                  | [demonic ancestry]
    13 | D        | Reached XP level 4. HP: 56/56 MP: 4/4
    13 | D        | Reached XP level 5. HP: 62/62 MP: 5/5
    13 | D        | Reached XP level 6. HP: 69/69 MP: 6/6
    13 | D        | Gained mutation: When hurt, damage is shared between your
                  | health and your magic reserves. [demonic ancestry]
    13 | D        | Reached XP level 7. HP: 75/75 MP: 7/7
    13 | D        | Gained mutation: You have razor-sharp toenails. [demonic
                  | ancestry]
    13 | D        | Reached XP level 8. HP: 82/82 MP: 8/8
    13 | D        | Reached XP level 9. HP: 88/88 MP: 9/9
    13 | D        | Gained mutation: You have a somewhat thin skeletal
                  | structure. (Dex +2, Stealth) [demonic ancestry]
    13 | D        | Reached XP level 10. HP: 95/95 MP: 10/10
    13 | D        | Gained mutation: You regenerate health from kills. [demonic
                  | ancestry]
    13 | D        | Reached XP level 11. HP: 101/101 MP: 11/11
    13 | D        | Killed a bag of meat
    13 | D        | Reached * piety under Makhleb
    13 | D        | Reached skill level 15 in Axes
    13 | D        | Reached skill level 15 in Throwing
    13 | D        | Reached skill level 15 in Dodging
    13 | D        | Gained mutation: You regenerate magic rapidly. [demonic
                  | ancestry]
    13 | D        | Reached XP level 12. HP: 113/113 MP: 12/12
    13 | D        | Noticed a bag of meat
    16 | D        | Killed a bag of meat
    16 | D        | Gained mutation: You have a moderately thin skeletal
                  | structure. (Dex +4, Stealth+) [demonic ancestry]
    16 | D        | Reached XP level 13. HP: 118/122 MP: 13/13
    16 | D        | Killed a bag of meat
    16 | D        | Gained mutation: You regenerate a lot of health from kills.
                  | [demonic ancestry]
    16 | D        | Reached XP level 14. HP: 133/133 MP: 14/14
    16 | D        | Noticed a bag of meat
    17 | D        | Killed a meat berserker
    17 | D        | Reached ** piety under Makhleb
    17 | D        | Reached XP level 15. HP: 144/144 MP: 15/15
    22 | D        | Reached *** piety under Makhleb
    22 | D        | Reached XP level 16. HP: 157/157 MP: 11/16
    24 | D        | Reached **** piety under Makhleb
    24 | D        | Gained mutation: You have an unnaturally thin skeletal
                  | structure. (Dex +6, Stealth++) [demonic ancestry]
    24 | D        | Reached XP level 17. HP: 169/169 MP: 11/17
    27 | D        | Noticed a meat berserker
    29 | D        | Noticed a meat berserker
    33 | D        | Killed a meat berserker
    33 | D        | Reached skill level 27 in Fighting
    33 | D        | Reached XP level 18. HP: 182/182 MP: 13/18
    33 | D        | Noticed a meat berserker
    35 | D        | Killed a meat berserker
    35 | D        | Reached ***** piety under Makhleb
    35 | D        | Reached skill level 27 in Axes
    35 | D        | Reached skill level 27 in Throwing
    35 | D        | Reached skill level 27 in Dodging
    35 | D        | Reached skill level 5 in Armour
    35 | D        | Reached skill level 5 in Unarmed Combat
    35 | D        | Reached skill level 5 in Spellcasting
    35 | D        | Reached skill level 10 in Armour
    35 | D        | Reached skill level 10 in Unarmed Combat
    35 | D        | Reached skill level 10 in Spellcasting
    35 | D        | Reached XP level 19. HP: 189/189 MP: 11/33
    36 | D        | Killed a meat berserker
    36 | D        | Reached skill level 15 in Stealth
    37 | D        | Reached skill level 15 in Armour
    37 | D        | Reached skill level 15 in Unarmed Combat
    37 | D        | Reached skill level 15 in Spellcasting
    38 | D        | Noticed a destroyer
    39 | D        | Reached ****** piety under Makhleb
    39 | D        | Gained mutation: You have claws for feet. [demonic
                  | ancestry]
    39 | D        | Reached XP level 20. HP: 197/197 MP: 12/41
    40 | D        | Noticed a meat berserker
    40 | D        | Noticed a meat berserker
    41 | D        | Noticed a meat berserker
    42 | D        | Killed a destroyer
    43 | D        | Killed a meat berserker
    43 | D        | Reached skill level 27 in Invocations
    43 | D        | Reached XP level 21. HP: 204/204 MP: 14/46
    45 | D        | Noticed a destroyer
    46 | D        | Gained mutation: Your flesh is heat resistant. (rF+)
                  | [demonic ancestry]
    46 | D        | Reached XP level 22. HP: 212/212 MP: 11/50
    47 | D        | Reached skill level 27 in Stealth
    50 | D        | Reached skill level 27 in Armour
    50 | D        | Reached skill level 27 in Unarmed Combat
    50 | D        | Reached skill level 27 in Spellcasting
    50 | D        | Noticed a large bag of meat
    51 | D        | Noticed a large bag of meat
    52 | D        | Gained mutation: You are immune to clouds of flame.
                  | [demonic ancestry]
    52 | D        | Reached XP level 23. HP: 160/219 MP: 9/54
    53 | D        | Killed a destroyer
    53 | D        | Reached XP level 24. HP: 227/227 MP: 9/54
    57 | D        | Gained mutation: You can hurl damnation. [demonic ancestry]
    57 | D        | Reached XP level 25. HP: 234/234 MP: 11/54
    60 | D        | Killed a large bag of meat
    63 | D        | Gained mutation: When low on magic, you restore magic in
                  | place of health. [demonic ancestry]
    63 | D        | Reached XP level 26. HP: 242/242 MP: 13/54
    68 | D        | Killed a large bag of meat
    72 | D        | Reached XP level 27. HP: 233/249 MP: 30/54
    78 | D        | Noticed a large bag of meat
    86 | D        | Noticed a large bag of meat
    87 | D        | Killed a large bag of meat
    95 | D        | Killed a large bag of meat
   102 | D        | Noticed a destroyer
   106 | D        | Killed a destroyer
   154 | D        | Noticed The Meatlord
   169 | D        | Noticed a large bag of meat
   173 | D        | Noticed a large bag of meat
   175 | D        | Noticed a destroyer
   177 | D        | Killed a destroyer
   178 | D        | Killed a large bag of meat
   184 | D        | Killed a large bag of meat
   308 | D        | Annihilated by The Meatlord

Skill      XL: |  1  2  3  4  5  6  7  8  9 10 11 12 13 14 15 16 17 18 19 20 21 22 |
---------------+-------------------------------------------------------------------+-----
Fighting       | 14 16 18 19 21 23 25 27 | 27.0
Axes           | 13 15 17 18 19 22 23 26 27 | 27.0
Throwing       | 13 15 16 18 19 21 23 26 27 | 27.0
Dodging        | 13 15 17 18 19 22 23 26 27 | 27.0
Armour         | 10 17 21 24 27 | 27.0
Stealth        | 11 18 22 26 27 | 27.0
Unarmed Combat | 10 17 21 24 27 | 27.0
Spellcasting   | 10 17 21 24 27 | 27.0
Invocations    | 14 22 27 | 27.0

Action                   |  1- 3 |  4- 6 |  7- 9 | 10-12 | 13-15 | 16-18 | 19-21 | 22-24 | 25-27 || total
-------------------------+-------+-------+-------+-------+-------+-------+-------+-------+-------++-------
Melee: Executioner's axe |     1 |       |       |     1 |     4 |     5 |     7 |     9 |    83 ||   110
Dodge: Dodged            |     1 |       |       |       |       |     1 |       |       |    16 ||    18
